cohdb
Replays
Latest Replays
All Replays
Popular Replays
Top Player Replays
Match Explorer
How It Works
Community
CoH3 Stats
Reddit
Sign in to upload your games and track your stats! →
Sign in with Steam
Match 40824497
Unlisted
Match 40824497
Overview
Messages
Build Orders
End
Construct Infanterie Kompanie
Selects Terror Battlegroup
Selects Machine Gun Camouflage
MG 42 Machine Gun Team
Grenadier Squad
Grenadier Squad
MG 42 Machine Gun Team
Pioneer Squad
Construct Panzergrenadier Kompanie
Selects Contempt for the Weak
Panzergrenadier Squad
Pak 40 Anti-tank Gun Team
251 Medium Carrier
Support Elements
Selects Jericho Trumpet
Nebelwerfer 42 Rocket Launcher Team
Construct Panzer Kompanie
Selects V1 Rocket Strike
V1 Rocket Strike
251 Medium Carrier
Panzergrenadier Squad
Panzer IV Medium Tank
Selects Defend the Fatherland
Pioneer Squad
Pioneer Squad
Panzer IV Medium Tank
DarTH Vader
ALI
Shlong of Democracy
R{I}P
STALKER4732
SoyaLors
ezh
Wittman
0
0
Comments
sign in to comment!
No comments posted yet!